 Dungeon Crawl Stone Soup version 0.24.0-13-gcf9b319 (webtiles) character file.

Game seed: 10061526607857576235, levelgen mode: deterministic

646 pkoi the Carver (level 7, -8/56 HPs)
             Began as a Minotaur Gladiator on Dec 5, 2019.
             Was an Initiate of Ru.
             Mangled by Prince Ribbit (18 damage)
             ... on level 5 of the Dungeon.
             The game lasted 00:05:12 (4417 turns).

pkoi the Carver (Minotaur Gladiator)                Turns: 4417, Time: 00:05:12

Health: -8/56      AC:  3    Str: 20    XL:     7   Next: 27%
Magic:  0/6        EV: 13    Int:  8    God:    Ru [......]
Gold:   164        SH:  0    Dex: 12    Spells: 6/6 levels left

rFire    . . .     SeeInvis .   a - +1 long sword
rCold    . . .     Gourm    .   (no shield)
rNeg     . . .     Faith    .   b - +0 leather armour
rPois    +         Spirit   +   c - +0 hat
rElec    .         Reflect  .   u - scarf {Spirit}
rCorr    .         Harm     .   (no gloves)
MR       .....                  (no boots)
Stlth    +.........             (no amulet)
HPRegen  0.18/turn              r - ring of poison resistance
MPRegen  0.10/turn              m - +3 ring of intelligence

@: no status effects
A: retaliatory headbutt, horns 2
a: Renounce Religion


You were on level 5 of the Dungeon.
You worshipped Ru.
Ru was noncommittal.
You were not hungry.

You visited 2 branches of the dungeon, and saw 6 of its levels.

You collected 164 gold pieces.

Inventory:

Hand Weapons
 a - a +1 long sword (weapon)
Missiles
 d - 3 throwing nets (quivered)
Armour
 b - a +0 leather armour (worn)
 c - a +0 hat (worn)
 u - a scarf of spirit shield (worn)
Jewellery
 m - a +3 ring of intelligence (right hand)
 r - a ring of poison resistance (left hand)
Wands
 j - a wand of digging (3)
 t - a wand of enslavement (7)
 w - a wand of flame (13)
Scrolls
 e - 4 scrolls of identify
 g - a scroll of teleportation
 h - 4 scrolls of remove curse
 l - a scroll of magic mapping
 n - a scroll of enchant weapon
Potions
 k - a potion of lignification
 o - a potion of heal wounds
 q - a potion of curing
 v - a potion of might {unknown}
Comestibles
 f - 10 rations
 i - 2 chunks of flesh


   Skills:
 - Level 2.4 Fighting
 + Level 10.1 Long Blades
 - Level 2.0 Throwing
 - Level 3.2 Dodging


You had 6 spell levels left.
You didn't know any spells.
Your spell library contained the following spells:

 Spells                   Type           Power        Failure   Level  Hunger
 Beastly Appendage        Tmut           #.....       45%         1    ##.....
 Confusing Touch          Hex            #.....       45%         1    ##.....
 Sticks to Snakes         Tmut           #.......     61%         2    ###....
 Confuse                  Hex            #.......     83%         3    ####...
 Gell's Gravitas          Tloc           #.........   83%         3    ####...
 Spider Form              Tmut/Pois      #.........   83%         3    ####...
 Ice Form                 Ice/Tmut       #.......     99%         4    #####..
 Petrify                  Tmut/Erth      #.......     99%         4    #####..
 Blade Hands              Tmut           #.........   100%        5    ######.
 Metabolic Englaciation   Hex/Ice        #.........   100%        5    ######.
 Yara's Violent Unravell  Hex/Tmut       #.........   100%        5    ######.


Dungeon Overview and Level Annotations

Branches:
Dungeon (5/15)             Temple (1/1) D:4

Altars:
Elyvilon
Fedhas
Hepliaklqana
Kikubaaqudgha
Makhleb
Qazlal
Ru
Sif Muna
Trog
Uskayaw
Vehumet
Yredelemnul
Zin

Shops:
D:4 *

Annotations:
D:3 Eustachio
D:5 Prince Ribbit


Innate Abilities, Weirdness & Mutations

You reflexively headbutt those who attack you in melee.
You have a pair of horns on your head.


Message History

You headbutt Prince Ribbit.
You riposte.
You miss Prince Ribbit.
You headbutt Prince Ribbit, but do no damage.
Prince Ribbit is lightly wounded.
You slash Prince Ribbit! You headbutt Prince Ribbit.
Prince Ribbit is heavily wounded.
Prince Ribbit hits you.
* * * LOW HITPOINT WARNING * * *
Prince Ribbit closely misses you.
You miss Prince Ribbit.
Prince Ribbit is heavily wounded.
Prince Ribbit closely misses you.
You miss Prince Ribbit.
Prince Ribbit is heavily wounded.
Prince Ribbit catches a blue-tailed skink with his tongue.
Prince Ribbit hits you!
* * * LOW HITPOINT WARNING * * *
You barely miss Prince Ribbit.
Prince Ribbit is heavily wounded.
Prince Ribbit hits you!!
You die...

*,,,* *,,,,,*
*,,,* *******
###,,,############
#..,,,....,.......
#.##,*#..#**#.....
#.##.##..####..###
#.#*,............#
#.#####..#**#..#..
#@F......####..###
########.........)
######..... ######


You could see Prince Ribbit.

Vanquished Creatures
  3 ogres
  A bullfrog (D:3)
  A scorpion (D:4)
  A howler monkey (D:4)
  An orc wizard (D:3)
  Ijyb (D:4)
  3 worker ants
  2 gnolls
  An adder (D:2)
  5 worms
  A dart slug (D:2)
  2 leopard geckos
  8 orcs
  A ball python (D:3)
  2 giant cockroaches
  6 goblins
  10 hobgoblins
  8 jackals (D:1)
  4 quokkas
  2 bats (D:3)
  6 frilled lizards
  6 kobolds
  A quokka skeleton (D:4)
  4 rats
80 creatures vanquished.

Notes
Turn   | Place    | Note
-------+----------+-------------------------------------------
     0 | D:1      | pkoi the Minotaur Gladiator began the quest for the Orb.
     0 | D:1      | Reached XP level 1. HP: 18/18 MP: 0/0
    22 | D:1      | Reached skill level 4 in Long Blades
   131 | D:1      | Reached XP level 2. HP: 12/25 MP: 1/1
   761 | D:1      | Reached skill level 5 in Long Blades
   770 | D:1      | Reached XP level 3. HP: 14/30 MP: 2/2
  1165 | D:2      | Found a glowing silver altar of Zin.
  1426 | D:2      | Found a shimmering blue altar of Sif Muna.
  1559 | D:2      | You fall into a shaft and drop 2 floors!
  1758 | D:3      | Reached XP level 4. HP: 37/37 MP: 3/3
  1759 | D:3      | Found a radiant altar of Vehumet.
  1773 | D:3      | Reached skill level 6 in Long Blades
  2276 | D:4      | Reached skill level 7 in Long Blades
  2276 | D:4      | Reached XP level 5. HP: 31/42 MP: 4/4
  2301 | D:4      | Noticed Eustachio
  2529 | D:4      | Reached skill level 8 in Long Blades
  2602 | D:4      | Noticed Ijyb
  2602 | D:4      | Noticed an ogre
  2701 | D:4      | Reached XP level 6. HP: 20/50 MP: 5/5
  2711 | D:4      | Found a staircase to the Ecumenical Temple.
  3103 | Temple   | Entered the Ecumenical Temple
  3172 | Temple   | Became a worshipper of Ru the Awakened
  3247 | D:4      | Killed Ijyb
  3424 | D:4      | Reached skill level 9 in Long Blades
  3811 | D:4      | Found Gucuse's Elemental Accessories.
  3821 | D:4      | Found Naevvuer's Antique Weapon Shop.
  4209 | D:5      | Entered Level 5 of the Dungeon
  4227 | D:5      | Reached XP level 7. HP: 51/56 MP: 6/6
  4307 | D:5      | Reached skill level 10 in Long Blades
  4379 | D:5      | Noticed Prince Ribbit
  4409 | D:5      | HP: 2/56 [Prince Ribbit (7)]
  4417 | D:5      | Mangled by Prince Ribbit

Levels and vault maps discovered:
D:1:      dpeg_arrival_tiny_g, layout_loops_ring, kennysheep_decorative_pillar,
          kennysheep_another_room
D:2:      layout_loops_cross, lemuel_doored_altar, lemuel_blue_sif_altar
D:3:      layout_rooms, lemuel_crystal_altar
D:4:      layout_loops_corners, minmay_temple_entry_ruins, serial_shops, shop,
          nicolae_elemental_shop, uniq_eustachio, uniq_ijyb
D:5:      layout_loops_cross, serial_shops, shop, first_ration,
          uniq_prince_ribbit1
Temple:   cyrus_temple_forest

Skill      XL: |  1  2  3  4  5  6  7 |
---------------+----------------------+-----
Long Blades    | 4 5 7 8 9 10 | 10.1
Fighting       | |  2.4
Throwing       | |  2.0
Dodging        | |  3.2

Action                   |  1- 3 |  4- 6 |  7- 9 || total
-------------------------+-------+-------+-------++-------
Melee: Long sword        |    70 |   137 |    25 ||   232
       Headbutt          |    17 |    14 |     6 ||    37
  Use: Potion            |       |     4 |     1 ||     5
       Scroll            |       |       |     7 ||     7
 Stab: Sleeping          |     1 |       |       ||     1
  Eat: Chunk             |     3 |     3 |     2 ||     8
       Ration            |       |     1 |       ||     1
Armor: Leather armour    |    27 |    16 |     5 ||    48
       Skin              |       |    31 |       ||    31
Dodge: Dodged            |    37 |    76 |    20 ||   133
       Rpst.: Long sword |     7 |    18 |     5 ||    30
